 Dungeon Crawl Stone Soup version 0.29.1-15-g9cfb28693d (webtiles) character file.

Game seed: 9350232610734726905

1 Alturiack the Sneak (level 1, 0/9 HPs)
             Began as a Spriggan Venom Mage on Apr 11, 2023.
             Slain by a goblin
             ... wielding a +0 dagger
              (3 damage)
             ... on level 1 of the Dungeon.
             The game lasted 00:00:35 (21 turns).

Alturiack the Sneak (Spriggan Venom Mage)             Turns: 21, Time: 00:00:36

Health: 0/9        AC:  2    Str:  4    XL:     1   Next: 16%
Magic:  3/5        EV: 17    Int: 16    God:
Gold:   0          SH:  0    Dex: 15    Spells: 4/5 levels left

rFire   . . .      SeeInvis +   (weapon restricted)
rCold   . . .      Faith    .   (no shield)
rNeg    . . .      Spirit   .   a - +0 robe
rPois   .          Reflect  .   (helmet restricted)
rElec   .          Harm     .   (no cloak)
rCorr   .          Rampage  .   (gloves unavailable)
Will    .....                   (boots unavailable)
Stlth   ++........              (no amulet)
HPRegen 0.03/turn               (no ring)
MPRegen 0.09/turn               (no ring)

@: very quick
A: very small, no large weapons, unfitting armour, see invisible, speed 3
a: no special abilities


You were on level 1 of the Dungeon.
You visited 1 branch of the dungeon, and saw 1 of its levels.

Inventory:

Armour
 a - a +0 robe (worn)
Potions
 b - a potion of magic


   Skills:
 - Level 2.6 Dodging
 - Level 3.0 Stealth
 + Level 2.7 Spellcasting
 - Level 1.3 Transmutations
 * Level 3.0 Poison Magic


You had 4 spell levels left.
You knew the following spells:

 Your Spells              Type           Power      Damage    Failure   Level
a - Sting                 Tmut/Pois      36%        1d4       8%          1

Your spell library contained the following spells:

 Spells                   Type           Power      Damage    Failure   Level
 Poisonous Vapours        Pois/Air       14%        N/A       16%         2
 Mephitic Cloud           Conj/Pois/Air  5%         N/A       36%         3
 Olgreb's Toxic Radiance  Pois           12%        N/A       47%         4


Dungeon Overview and Level Annotations

Branches:
Dungeon (1/15)

Altars:


Innate Abilities, Weirdness & Mutations

You are very small and have problems with some larger weapons.
You are too small for most types of armour.
You have supernaturally acute eyesight. (SInv)
You cover ground extremely quickly. (Speed+++)


Message History

Casting: Sting (safe; 8% risk of failure)
Confirm with . or Enter, or press ? or * to list all spells.
Aiming: Sting (safe; 8% risk of failure)
Press: ? - help, Shift-Dir - straight line, f - bat
Aim: a bat (52% to hit)
The sting hits the bat.
The bat is poisoned.
The bat is heavily wounded.
The bat closely misses you.
You hit the bat but do no damage.
The bat is heavily wounded.
The bat misses you.
You enter the shallow water.
Moving in this stuff is going to be slow.
You kill the bat!
The goblin misses you. The goblin hits you with a +0 dagger.
Why would you want to do that? Why would you want to do that?
Why would you want to do that? Why would you want to do that?
The goblin misses you. The goblin hits you with a +0 dagger.
The goblin attacks as you move away! The goblin closely misses you.
Why would you want to do that? Why would you want to do that?
Casting: Sting (safe; 8% risk of failure)
Confirm with . or Enter, or press ? or * to list all spells.
Aiming: Sting (safe; 8% risk of failure)
Press: ? - help, Shift-Dir - straight line, f - goblin
Aim: a goblin, wielding a +0 dagger (60% to hit)
The sting misses the goblin.
The goblin barely misses you. The rat barely misses you.
The goblin closely misses you.
Casting: Sting (safe; 8% risk of failure)
Confirm with . or Enter, or press ? or * to list all spells.
Aiming: Sting (safe; 8% risk of failure)
Press: ? - help, Shift-Dir - straight line, f/p - goblin
Aim: a goblin, wielding a +0 dagger (60% to hit)
The sting hits the goblin.
The goblin is poisoned.
The goblin is heavily wounded.
The goblin hits you with a +0 dagger.
You die...

#...## ####.~~.#
..#.~≈~.##
#...#.....~~..#
#.~...~.≈.~~~.##
#...~~~~~~...~≈#
#..~≈~≈≈~....#
#..~≈≈≈≈≈..@# #
#..≈~~~~≈≈.g#.#
#.~~~...~.≈r#.#
#.~~..<..~~~.#
#.~.~~..≈≈~.##
#..~~≈.~≈~~.#
##.~~≈≈~~~..##
#..~≈≈≈.~...#
#~.~~~≈~~.#.##


You could see a goblin (poisoned) and a rat.

Vanquished Creatures
  A bat (D:1)
1 creature vanquished.

Notes
Turn   | Place    | Note
-------+----------+-------------------------------------------
     0 | D:1      | Alturiack the Spriggan Venom Mage began the quest for the
                  | Orb.
     0 | D:1      | Reached XP level 1. HP: 9/9 MP: 5/5
    21 | D:1      | Slain by a goblin

Illustrated notes

Levels and vault maps discovered:
D:1:      dpeg_arrival_subterranean_lakeside_camping, layout_basic,
          minmay_tree_intersection, hangedman_decor_lopped,
          nicolae_concentric_dashed_squares_mild

Action                   || total
-------------------------++-------
Melee: Unarmed           ||     1
 Cast: Sting             ||     3
Dodge: Dodged            ||     9
